 Dungeon Crawl Stone Soup version 0.26-a0-611-g354ed81502 (webtiles) character file.

Game seed: 117073207659585104

2346 MrRokkomies the Cutter (level 9, -4/61 HPs)
             Began as an Octopode Brigand on Sept 7, 2020.
             Was a Believer of Okawaru.
             Slain by a hornet (13 damage)
             ... on level 8 of the Dungeon.
             The game lasted 00:14:34 (8551 turns).

MrRokkomies the Cutter (Octopode Brigand)           Turns: 8551, Time: 00:14:35

Health: -4/61      AC:  5    Str: 11    XL:     9   Next: 43%
Magic:  18/18      EV: 17    Int: 16    God:    Okawaru [**....]
Gold:   383        SH:  0    Dex: 13    Spells: 8/8 levels left

rFire    . . .     SeeInvis +   a - +0 dagger (venom)
rCold    + . .     Faith    .   (no shield)
rNeg     . . .     Spirit   .   (helmet restricted)
rPois    .         Reflect  .   (no amulet)
rElec    .         Harm     .   g - ring of stealth
rCorr    .                      m - ring of stealth
MR       .....                  o - ring of see invisible
Stlth    ++++++....             r - ring of magical power
HPRegen  0.20/turn              t - ring of protection from cold
MPRegen  0.16/turn              D - +4 ring of protection
                                (no ring)
                                (no ring)

@: slowed, very slow
A: almost no armour, stealthy swim, amphibious, 8 rings, constrict 8, camouflage
1, gelatinous body 1
a: Heroism, Renounce Religion


You were on level 8 of the Dungeon.
You worshipped Okawaru.
Okawaru was pleased with you.
You visited 2 branches of the dungeon, and saw 9 of its levels.

You collected 383 gold pieces.

Inventory:

Hand Weapons
 a - a +0 dagger of venom (weapon)
 b - a +3 dagger of protection
Missiles
 c - 2 curare-tipped darts
 w - 5 boomerangs
 z - 18 poisoned darts (quivered)
Jewellery
 g - a ring of stealth (left tentacle)
 m - a ring of stealth (right tentacle)
 o - a ring of see invisible (on tentacle)
 r - a ring of magical power (on tentacle)
 t - a ring of protection from cold (on tentacle)
 D - a +4 ring of protection (on tentacle)
Wands
 j - a wand of enslavement (19)
 s - a wand of polymorph (8)
 v - a wand of paralysis (6)
 B - a wand of acid (8)
 E - a wand of random effects (16)
Scrolls
 d - a scroll of identify
 k - 3 scrolls of fear
 p - 5 scrolls of enchant armour
 q - 3 scrolls of teleportation
 y - 2 scrolls of enchant weapon
 A - 2 scrolls of magic mapping
 G - a scroll of blinking
 H - a scroll of amnesia
 I - a scroll of fog
Potions
 e - a potion of magic {unknown}
 f - a potion of resistance {unknown}
 h - 2 potions of brilliance
 i - a potion of flight {unknown}
 l - 2 potions of lignification
 n - a potion of might {unknown}
 u - a potion of curing
 C - a potion of stabbing {unknown}
 F - a potion of ambrosia {unknown}
 J - a potion of mutation {unknown}


   Skills:
 + Level 5.3 Fighting
 * Level 7.3 Short Blades
 + Level 5.3 Throwing
 * Level 7.2 Dodging
 - Level 5.3 Stealth


You had 8 spell levels left.
You didn't know any spells.
Your spell library was empty.

Dungeon Overview and Level Annotations

Branches:
Dungeon (8/15)             Temple (1/1) D:4
   Lair: D:8-11

Altars:
Ashenzari
Cheibriados
Dithmenos
Fedhas
Gozag
Kikubaaqudgha
Makhleb
Nemelex Xobeh
Okawaru
Ru
Trog
Uskayaw
Vehumet
Wu Jian
Xom
Yredelemnul
Zin
The Shining One

Shops:
D:5 (

Annotations:
D:7 2 transporters, paps's ghost, novice TrBe


Innate Abilities, Weirdness & Mutations

You cannot wear most types of armour.
You are very stealthy in the water. (Stealth+)
You are amphibious.
You can wear up to eight rings at the same time.
You can use your tentacles to constrict eight enemies at once.
Your skin changes colour to match your surroundings (Stealth+).
Your rubbery body absorbs attacks. (AC +1, EV +1)


Message History

You feel as though you will be slow longer.
You are too injured to fight recklessly!
You are too injured to fight recklessly!
You hit the hornet.
The hornet is poisoned.
Your grab misses the hornet.
The hornet is lightly wounded.
You feel sick. The hornet closely misses you. The hornet stings you!
* * * LOW HITPOINT WARNING * * *
You are more poisoned.
You suddenly lose the ability to move!
* * * LOW HITPOINT WARNING * * *
You feel sick. The hornet stings you.
* * * LOW HITPOINT WARNING * * *
You are more poisoned.
You feel as though you will be slow longer.
You can move again.
You feel better. The hornet stings you!
* * * LOW HITPOINT WARNING * * *
You feel as though you will be slow longer.
The hornet stings you!
You die...

...$##.....##...#
...............#
...............#
#..<.......#
##..........##.
+..............
##.....##......
##.....##......
.........@.......
..........y...###
...............#
...##.............
... ####+###......
...... [.....
...###


You could see a hornet (very poisoned).

Vanquished Creatures
  Purgy (D:3)
  2 sky beasts
  A phantom (D:7)
  2 black bears (D:6)
  2 ogres
  5 bullfrogs
  2 scorpions
  4 killer bees (D:5)
  7 howler monkeys
  A bullfrog zombie (D:7)
  A jelly (D:6)
  3 orc priests
  4 orc wizards
  Ijyb (D:3)
  Terence (D:2)
  An iguana (D:6)
  Natasha (thrice) (D:4)
  4 worker ants
  Robin (D:4)
  3 gnolls (D:5)
  8 adders
  2 shadow imps
  2 white imps
  An ufetubus (D:6)
  A worm (D:2)
  A dart slug (D:1)
  3 leopard geckos
  15 orcs
  8 bats
  5 giant cockroaches (D:1)
  15 goblins
  11 hobgoblins
  8 jackals
  8 kobolds
  5 quokkas
  6 frilled lizards
  A jackal skeleton (D:7)
  2 leopard gecko skeletons (D:4)
  5 rats
156 creatures vanquished.

Vanquished Creatures (others)
  A giant cockroach (D:8)
1 creature vanquished.

Grand Total: 157 creatures vanquished

Notes
Turn   | Place    | Note
-------+----------+-------------------------------------------
     0 | D:1      | MrRokkomies the Octopode Brigand began the quest for the
                  | Orb.
     0 | D:1      | Reached XP level 1. HP: 14/14 MP: 1/1
   181 | D:1      | Reached XP level 2. HP: 19/19 MP: 2/2
   327 | D:1      | Reached XP level 3. HP: 21/24 MP: 3/3
  1390 | D:2      | Noticed Terence
  1402 | D:2      | Killed Terence
  1402 | D:2      | Reached XP level 4. HP: 19/30 MP: 4/4
  1978 | D:2      | Found a burning altar of Makhleb.
  2053 | D:3      | Found a shattered altar of Ashenzari.
  2141 | D:3      | Reached XP level 5. HP: 35/35 MP: 5/5
  2266 | D:3      | You fall into a shaft and drop 2 floors!
  2266 | D:5      | Entered Level 5 of the Dungeon
  2489 | D:5      | Noticed an ogre
  2515 | D:5      | Killed an ogre
  2515 | D:5      | Reached XP level 6. HP: 25/42 MP: 6/6
  2893 | D:5      | Found a faded altar of an unknown god.
  2893 | D:5      | Found a shadowy altar of Dithmenos.
  2901 | D:5      | Found a sparkling altar of Nemelex Xobeh.
  2903 | D:5      | Found a blossoming altar of Fedhas.
  2904 | D:5      | Found a faded altar of an unknown god.
  3141 | D:5      | Reached XP level 7. HP: 31/46 MP: 7/7
  3516 | D:5      | Found Jyry's Weapon Boutique.
  3520 | D:5      | Found a shimmering altar of Xom.
  3782 | D:4      | Found a staircase to the Ecumenical Temple.
  3795 | Temple   | Entered the Ecumenical Temple
  3837 | Temple   | Became a worshipper of Warmaster Okawaru
  3948 | D:4      | Noticed Natasha
  3954 | D:4      | Killed Natasha
  4074 | D:4      | Noticed Natasha
  4082 | D:4      | Killed Natasha
  4103 | D:4      | Noticed Robin
  4112 | D:4      | Killed Robin
  4638 | D:4      | Reached skill level 5 in Short Blades
  4732 | D:4      | Found an ornate altar of the Wu Jian Council.
  4913 | D:4      | Noticed Natasha
  4924 | D:4      | Killed Natasha
  5199 | D:3      | Noticed Ijyb
  5213 | D:3      | Killed Ijyb
  5251 | D:3      | Noticed Purgy
  5257 | D:3      | Killed Purgy
  5257 | D:3      | Reached skill level 5 in Dodging
  5257 | D:3      | Reached XP level 8. HP: 43/54 MP: 8/8
  5671 | D:6      | Reached * piety under Okawaru
  7283 | D:7      | Noticed a queen bee
  7345 | D:7      | Found an opulent altar of Gozag.
  7370 | D:7      | Reached XP level 9. HP: 47/60 MP: 9/9
  7486 | D:7      | Reached ** piety under Okawaru
  7486 | D:7      | Reached skill level 5 in Fighting
  7740 | D:7      | Reached skill level 5 in Throwing
  8278 | D:7      | Noticed paps's ghost (novice TrBe)
  8322 | D:7      | Found a transporter.
  8326 | D:7      | Found a transporter.
  8544 | D:8      | Noticed a hornet
  8549 | D:8      | Paralysed by a hornet for 2 turns
  8551 | D:8      | Slain by a hornet

Illustrated notes

Levels and vault maps discovered:
D:1:      dpeg_arrival_water_fire, layout_loops_ring, minmay_misc_feat_room
D:2:      layout_basic, lightli_temple_of_fire, uniq_terence
D:3:      layout_loops_ring, ashenzari_altar_1, uniq_ijyb, uniq_purgy
D:4:      layout_basic, overflow_temple_1_default,
          minmay_temple_entry_overgrown, uniq_natasha, uniq_robin
D:5:      layout_basic, chequers_temple_overflow_minitemple, serial_shops, shop,
          basic_altar
D:6:      layout_basic
D:7:      layout_cave_pools, nicolae_gozag_cash_rules_everything_around_me,
          gammafunk_ghost_hive
D:8:      layout_gridville, corexii_corridor_pit, kennysheep_generic_room_5
Temple:   eino_wide_crystal_templ

Skill      XL: |  1  2  3  4  5  6  7  8  9 |
---------------+----------------------------+-----
Dodging        | 2 3 4 5 6 7 |  7.2
Short Blades   | 3 4 5 6 7 |  7.3
Fighting       | 3 4 5 |  5.3
Throwing       | 3 4 5 |  5.3
Stealth        | |  5.3

Action                   |  1- 3 |  4- 6 |  7- 9 || total
-------------------------+-------+-------+-------++-------
Melee: Dagger            |    62 |    48 |   315 ||   425
       Constrict         |    17 |     8 |    54 ||    79
       Tentacles         |    11 |    10 |    60 ||    81
Throw: Dart              |     6 |    17 |    33 ||    56
       Boomerang         |       |       |    13 ||    13
Evoke: Wand              |       |       |     1 ||     1
  Use: Scroll            |     2 |     6 |     8 ||    16
       Potion            |       |       |     3 ||     3
 Stab: Sleeping          |    15 |    16 |    14 ||    45
       Distracted        |     1 |       |       ||     1
Armor: Skin              |     4 |     1 |    66 ||    71
Dodge: Dodged            |    25 |    15 |   171 ||   211

Table legend: (Time is in decaauts)
 A = Elapsed time spent in this place.
 B = Non-inter-level travel time spent in this place.
 C = Inter-level travel time spent in this place.
 D = Time resting spent in this place.
 E = Time spent auto-exploring this place.
 F = Levels seen in this place.
 G = Mean time per level.
                   A        B        C        D        E       F      G
               +--------+--------+--------+--------+--------+-----+--------+
         Total |   8443 |   7966 |    477 |    362 |   6555 |   9 |  938.1 |
       Dungeon |   8393 |   7940 |    453 |    362 |   6533 |   8 | 1049.1 |
        Temple |     49 |     25 |     24 |      0 |     22 |   1 |   49.0 |
               +--------+--------+--------+--------+--------+-----+--------+

Top non-repeatable levels by time:
     D:5: 2029 daAuts
     D:4: 1282 daAuts
     D:6: 1144 daAuts
     D:7: 1126 daAuts
     D:1: 1034 daAuts
     D:2: 975 daAuts
     D:3: 751 daAuts
  Temple: 49 daAuts
     D:8: 49 daAuts
